 Dungeon Crawl Stone Soup version 0.22-a0-247-gbddf880 (webtiles) character file.

999 mortelune the Chiller (level 8, -1/52 HPs)
             Began as a Demonspawn Ice Elementalist on Feb 23, 2018.
             Shot with an arrow by a centaur (16 damage)
             ... on level 6 of the Dungeon.
             The game lasted 00:19:46 (7274 turns).

mortelune the Chiller (Demonspawn Ice Elementalist) Turns: 7274, Time: 00:19:46

Health: -1/52      AC:  3    Str:  8    XL:     8   Next: 0%
Magic:  8/16       EV: 12    Int: 18    God:
Gold:   104        SH:  0    Dex: 15    Spells: 4/18 levels left

rFire    . . .     SeeInvis .   n - +0 mace
rCold    . . .     Gourm    .   (no shield)
rNeg     . . .     Faith    .   a - +0 robe
rPois    .         Spirit   .   (helmet restricted)
rElec    .         Reflect  .   e - +0 cloak
rCorr    .         Harm     .   (no gloves)
MR       .....                  (no boots)
Stlth    ++........             (no amulet)
HPRegen  0.17/turn              (no ring)
MPRegen  0.15/turn              (no ring)

@: no status effects
A: horns 2, powered by death 1
a: no special abilities


You were on level 6 of the Dungeon.
You were not hungry.

You visited 1 branch of the dungeon, and saw 6 of its levels.
You also visited: Ossuary.

You collected 149 gold pieces.
You spent 45 gold pieces at shops.

Inventory:

Hand Weapons
 c - a +0 dagger
 d - a +0 short sword
 n - a +0 mace (weapon)
 w - a +4 short sword of electrocution
 x - a cursed -1 war axe
 y - a +0 blowgun
Missiles
 i - a throwing net (quivered)
 z - 27 poisoned needles
Armour
 a - a +0 robe (worn)
 e - a +0 cloak (worn)
 q - a +2 ring mail of cold resistance
Scrolls
 f - a scroll of random uselessness {unknown}
 g - 5 scrolls of remove curse {unknown}
 j - 2 scrolls of magic mapping {unknown}
 k - a scroll of immolation {unknown}
 l - a scroll of teleportation {unknown}
 m - 2 scrolls of enchant armour {unknown}
 p - 5 scrolls of blinking
 s - 2 scrolls of enchant weapon {unknown}
 t - 2 scrolls of noise {unknown}
 B - a scroll of fear {unknown}
 D - a scroll of brand weapon {unknown}
Potions
 h - a potion of mutation
 o - 5 potions of curing
 r - 2 potions of flight
 u - a potion of degeneration {unknown}
 v - a potion of might
 A - 2 potions of berserk rage {unknown}
 C - a potion of magic {unknown}
Comestibles
 b - 2 rations


   Skills:
 - Level 1.7 Dodging
 - Level 1.7 Stealth
 + Level 5.6 Spellcasting
 - Level 1.0 Conjurations
 + Level 3.7 Summonings
 + Level 6.1 Ice Magic


You had 4 spell levels left.
You knew the following spells:

 Your Spells              Type           Power        Failure   Level  Hunger
a - Freeze                Ice            ####         1%          1    None
b - Throw Frost           Conj/Ice       ###...       4%          2    None
c - Ozocubu's Armour      Chrm/Ice       ###.....     11%         3    ##.....
d - Summon Ice Beast      Ice/Summ       ###.....     16%         4    ####...
e - Throw Icicle          Conj/Ice       ###.....     28%         4    ####...


Dungeon Overview and Level Annotations

Branches:
Dungeon (6/15)
 Temple: D:4-7

Altars:
Nemelex Xobeh

Shops:
D:4 *

Annotations:
D:2 Jessica, Natasha, Sigmund
D:4 Amnesiac's ghost, amateur TeAE
D:5 mortelune's ghost, amateur DsIE


Innate Abilities, Weirdness & Mutations

You have a pair of horns on your head.
You regenerate a little health from kills.


Message History

Casting: Throw Icicle (quite dangerous; 28% risk of failure)
Confirm with . or Enter, or press ? or * to list all spells.
Aiming: Throw Icicle (quite dangerous; 28% risk of failure)
Press: ? - help, Shift-Dir - straight line, f - centaur
Aim: a centaur, wielding a shortbow The shard of ice hits the centaur.
The centaur is lightly wounded.
The centaur shoots an arrow.
The arrow hits you!
The centaur shoots an arrow.
The arrow hits you!
* * * LOW HITPOINT WARNING * * *
Casting: Throw Icicle (quite dangerous; 28% risk of failure)
Confirm with . or Enter, or press ? or * to list all spells.
You don't know that spell.
Okay, then.
Casting: Throw Icicle (quite dangerous; 28% risk of failure)
Confirm with . or Enter, or press ? or * to list all spells.
A chill wind blows around you.
The centaur shoots an arrow.
The arrow closely misses your ice beast.
The arrow hits you!
You die...

##.. ..# ###
#####.# # #c>
..##.### . #.#
#.##.'.##. #.#
##.##.###.# #Y#
####...#.##..# #.#
#......#.#...# #@#
#.##.........' #(#
#.###.##.#...#
#.###.###....##..#
#.........#..###.#
#####.#####..'.##.
#.# ##.###.. ..#
#.##..# ###
##.#...# ##.......


You could see a centaur and a friendly ice beast.

Vanquished Creatures
  Duvessa (D:4)
  A big kobold (D:5)
  3 scorpions
  Dowan (D:4)
  2 howler monkeys
  A crimson imp (D:5)
  A centaur zombie (D:5)
  A hound (D:4)
  A human zombie (Ossuary)
  2 centaur skeletons
  Natasha (D:2)
  A worker ant (D:5)
  A hound skeleton (D:5)
  A mummy (Ossuary)
  A worker ant zombie (D:6)
  5 adders
  2 oozes
  2 worms
  A dart slug (D:1)
  A leopard gecko (D:1)
  12 orcs
  8 bats
  12 giant cockroaches
  6 goblins
  6 hobgoblins
  3 jackals (D:4)
  5 quokkas
  5 frilled lizards
  7 goblin zombies
  2 hobgoblin zombies (Ossuary)
  16 kobolds
  A kobold zombie (D:6)
  A quokka skeleton (D:4)
  10 rats
124 creatures vanquished.

Vanquished Creatures (collateral kills)
  A wraith (Ossuary)
  3 mummies
  A gnoll zombie (Ossuary)
  A goblin zombie (Ossuary)
  A hobgoblin zombie (Ossuary)
  A kobold zombie (Ossuary)
8 creatures vanquished.

Grand Total: 132 creatures vanquished

Notes
Turn   | Place    | Note
-------+----------+-------------------------------------------
     0 | D:1      | mortelune the Demonspawn Ice Elementalist began the quest for the Orb.
     0 | D:1      | Reached XP level 1. HP: 13/13 MP: 3/3
   198 | D:1      | Reached skill level 3 in Ice Magic
   281 | D:1      | Gained mutation: You regenerate a little health from kills. [demonic ancestry]
   281 | D:1      | Reached XP level 2. HP: 17/19 MP: 1/5
   364 | D:1      | Learned a level 2 spell: Throw Frost
  1326 | D:2      | Gained mutation: You have a pair of small horns on your head. [demonic ancestry]
  1326 | D:2      | Reached XP level 3. HP: 18/24 MP: 0/6
  1399 | D:2      | Noticed Natasha
  1475 | D:1      | Learned a level 3 spell: Ozocubu's Armour
  1941 | D:2      | Killed Natasha
  1941 | D:2      | Reached XP level 4. HP: 23/30 MP: 1/8
  2178 | D:2      | Noticed Jessica
  2200 | D:2      | Reached skill level 4 in Ice Magic
  2270 | D:2      | Found a sparkling altar of Nemelex Xobeh.
  2276 | D:2      | Noticed Sigmund
  2821 | D:2      | Noticed Natasha
  2836 | D:3      | Found a faded altar of an unknown god.
  3583 | D:3      | Gained mutation: You have a pair of horns on your head. [demonic ancestry]
  3583 | D:3      | Reached XP level 5. HP: 33/35 MP: 8/10
  4423 | D:4      | Noticed Amnesiac's ghost (amateur TeAE)
  4724 | D:4      | Found Vumimaz's General Store.
  4845 | D:4      | Bought a +0 cloak for 45 gold pieces
  4882 | D:4      | Reached XP level 6. HP: 35/41 MP: 2/12
  4945 | D:4      | Learned a level 4 spell: Summon Ice Beast
  4981 | D:4      | Noticed Dowan
  4995 | D:4      | Killed Dowan
  4995 | D:4      | Reached skill level 5 in Ice Magic
  5057 | D:4      | Reached skill level 1 in Summonings
  5174 | D:4      | Noticed Duvessa
  5184 | D:5      | Entered Level 5 of the Dungeon
  5307 | D:5      | HP: 2/41 [centaur skeleton (2)]
  5613 | D:4      | Killed Duvessa
  5613 | D:4      | Reached skill level 5 in Spellcasting
  5613 | D:4      | Reached XP level 7. HP: 30/46 MP: 3/14
  5724 | D:5      | Noticed mortelune's ghost (amateur DsIE)
  6236 | D:6      | Found a sand-covered staircase.
  6264 | D:6      | Learned a level 4 spell: Throw Icicle
  6423 | Ossuary  | Entered an ossuary
  6423 | Ossuary  | Noticed a wraith
  6423 | Ossuary  | Noticed a wraith
  6423 | Ossuary  | Noticed a wraith
  6610 | Ossuary  | Noticed a wraith
  6634 | Ossuary  | Killed a wraith
  6634 | Ossuary  | Reached skill level 6 in Ice Magic
  6955 | Ossuary  | Reached XP level 8. HP: 52/52 MP: 3/16
  7274 | D:6      | Shot with an arrow by a centaur

Vault maps used:
D:1:      dpeg_arrival_houses_and_road
D:2:      lemuel_crystal_altar, st_stairs_7, uniq_jessica, uniq_sigmund,
          uniq_natasha
D:3:      chequers_ecumenical_altar_simple_redux, first_ration
D:4:      serial_shops, nicolae_shop_behind_doors, uniq_duvessa
D:5:      gup_sewer_entry_bowl, kennysheep_generic_room_4
D:6:      nicolae_overflow_crystal_walls, temple_green,
          nicolae_ossuary_entry_giza
Ossuary:  ossuary_kennysheep_city_of_the_dead

Skill      XL: |  1  2  3  4  5  6  7 |
---------------+----------------------+-----
Ice Magic      | 3 4 5 6 |  6.1
Spellcasting   | 3 4 5 |  5.6
Summonings     | 2 3 |  3.7
Dodging        | |  1.7
Stealth        | |  1.7
Conjurations   | |  1.0

Action                   |  1- 3 |  4- 6 |  7- 9 || total
-------------------------+-------+-------+-------++-------
Melee: Unarmed           |     7 |       |       ||     7
       Dagger            |     4 |       |       ||     4
       Short sword       |     4 |    23 |       ||    27
       Headbutt          |       |    10 |     9 ||    19
       Mace              |       |    44 |    65 ||   109
 Cast: Freeze            |    42 |   110 |    29 ||   181
       Throw Frost       |    14 |    11 |     4 ||    29
       Ozocubu's Armour  |     1 |     7 |     8 ||    16
       Summon Ice Beast  |       |       |    10 ||    10
       Throw Icicle      |       |       |     5 ||     5
  Use: Scroll            |       |     6 |       ||     6
       Potion            |       |     1 |       ||     1
 Stab: Sleeping          |       |       |     1 ||     1
  Eat: Chunk             |     3 |     6 |       ||     9
       Ration            |       |     2 |     3 ||     5
Armor: Robe              |     4 |    47 |    21 ||    72
Dodge: Dodged            |    47 |   127 |    74 ||   248

Table legend:
 A = Spawn XP
 B = Non-spawn XP
 C = Spawn XP percentage of total XP
 D = Spawn monster count
 E = Non-spawn monster count
 F = Spawn count percentage of total count
 G = Total turns spent on level
                    A         B        C        D         E        F      G
               +---------+---------+-------+---------+---------+-------+---------
         Total |       0 |    1428 |   0.0 |       0 |     131 |   0.0 |  7274
               +---------+---------+-------+---------+---------+-------+---------
           D:1 |       0 |      69 |   0.0 |       0 |      27 |   0.0 |  1952
           D:2 |       0 |      77 |   0.0 |       0 |      16 |   0.0 |   884
           D:3 |       0 |      61 |   0.0 |       0 |      23 |   0.0 |  1382
           D:4 |       0 |     531 |   0.0 |       0 |      21 |   0.0 |  1144
           D:5 |       0 |     455 |   0.0 |       0 |      24 |   0.0 |   815
           D:6 |       0 |      30 |   0.0 |       0 |       4 |   0.0 |   279
       Ossuary |       0 |     205 |   0.0 |       0 |      16 |   0.0 |   818
               +---------+---------+-------+---------+---------+-------+---------
